[ AOE2 MATCH · #495319219 ]
UnrankedEthiopians vs Sicilians
Player's team · LOSS
[ REPLAY ANALYSIS · EXTRACTED FROM THE RECORDED GAME ]
Feudal
10:15
Castle
14:57
Imperial
—
| APM avg | 64.9 |
| APM peak | 102 |
| eAPM avg | 27.1 |
| Villagers / military | 85 / 86 |
Focus
⚔️ 28.7% · 🌾 71.3%
Spearman ×40 · Archer ×30 · Monk ×7 · Fishing Ship ×7 · Mangonel ×4 · Galley ×3
Feudal
10:48
Castle
19:09
Imperial
—
| APM avg | 50.0 |
| APM peak | 88 |
| eAPM avg | 30.6 |
| Villagers / military | 111 / 77 |
Focus
⚔️ 35.3% · 🌾 64.7%
Knight ×33 · Scout Cavalry ×27 · Fishing Ship ×26 · Monk ×4 · Scorpion ×4 · Serjeant ×4
Match map
Initial resources + every placement click. Lines = walls · curves = elevation contours. ◆ gold · ⬟ stone · ● berries · ✦ relic · ◌ wall gap
Your base· ✓ Closed at 14:57 · 33t walls · 1 gate(s)
HR | Nasho9's base· ✓ Closed at 19:09 · 29t walls · 1 gate(s)
Smoothed initial terrain · ◌ = detected wall gap · hover for details
Inputs per minute
— Big Dota - - HR | Nasho9
Build order — Big Dota
First 150 of 287 actions detected
| 0:01 | Queue | Villager (Male) |
| 0:01 | Queue | Villager (Male) |
| 0:02 | Build | House |
| 0:04 | Build | House |
| 0:14 | Queue | Villager (Male) |
| 0:14 | Queue | Villager (Male) |
| 1:30 | Queue | Villager (Male) |
| 1:30 | Queue | Villager (Male) |
| 1:48 | Build | Lumber Camp |
| 2:09 | Queue | Villager (Male) |
| 2:09 | Queue | Villager (Male) |
| 2:09 | Queue | Villager (Male) |
| 2:17 | Build | House |
| 2:21 | Queue | Villager (Male) |
| 2:21 | Queue | Villager (Male) |
| 2:46 | Queue | Villager (Male) |
| 2:46 | Queue | Villager (Male) |
| 2:47 | Queue | Villager (Male) |
| 3:07 | Queue | Villager (Male) |
| 3:07 | Queue | Villager (Male) |
| 3:35 | Queue | Villager (Male) |
| 3:35 | Queue | Villager (Male) |
| 3:48 | Queue | Villager (Male) |
| 3:49 | Queue | Villager (Male) |
| 4:19 | Queue | Villager (Male) |
| 4:19 | Queue | Villager (Male) |
| 4:23 | Build | Dock |
| 4:44 | Build | House |
| 5:01 | Queue | Fishing Ship |
| 5:10 | Queue | Villager (Male) |
| 5:29 | Queue | Villager (Male) |
| 5:49 | Queue | Fishing Ship |
| 5:57 | Queue | Villager (Male) |
| 5:57 | Queue | Villager (Male) |
| 6:21 | Queue | Villager (Male) |
| 7:05 | Queue | Villager (Male) |
| 7:06 | Queue | Fishing Ship |
| 7:08 | Research | Loom |
| 7:44 | Build | House |
| 7:45 | Build | Palisade Wall |
| 7:57 | Build | Mining Camp |
| 8:02 | Research | Feudal Age |
| 8:02 | Research | Feudal Age |
| 8:12 | Build | Barracks |
| 8:59 | Build | Palisade Wall |
| 9:17 | Queue | Fishing Ship |
| 9:31 | Build | Palisade Wall |
| 9:49 | Build | Palisade Wall |
| 9:56 | Build | Palisade Wall |
| 10:04 | Queue | Villager (Male) |
| 10:04 | Queue | Villager (Male) |
| 10:15 | Age | Feudal Age |
| 10:18 | Build | Archery Range |
| 10:31 | Build | Palisade Wall |
| 10:44 | Build | Palisade Wall |
| 10:58 | Queue | Archer |
| 11:06 | Build | Blacksmith |
| 11:07 | Queue | Villager (Male) |
| 11:08 | Queue | Villager (Male) |
| 11:38 | Build | Mill |
| 12:15 | Queue | Villager (Male) |
| 12:17 | Research | Castle Age |
| 12:17 | Research | Castle Age |
| 12:18 | Queue | Archer |
| 12:18 | Queue | Archer |
| 12:22 | Build | Palisade Gate |
| 12:27 | Build | House |
| 13:16 | Queue | Archer |
| 13:18 | Research | Fletching |
| 13:21 | Research | Double-Bit Axe |
| 13:21 | Research | Double-Bit Axe |
| 13:28 | Build | Farm |
| 13:49 | Queue | Archer |
| 13:54 | Build | Farm |
| 13:56 | Build | Farm |
| 13:58 | Research | Fletching |
| 14:08 | Queue | Archer |
| 14:19 | Build | Farm |
| 14:57 | Age | Castle Age |
| 14:57 | Queue | Villager (Male) |
| 14:58 | Research | Bodkin Arrow |
| 15:09 | Build | House |
| 15:14 | Build | House |
| 15:18 | Research | Crossbowman (upgrade) |
| 15:18 | Research | Crossbowman (upgrade) |
| 15:59 | Queue | Archer |
| 16:00 | Queue | Villager (Male) |
| 16:00 | Queue | Villager (Male) |
| 16:07 | Build | Farm |
| 16:10 | Queue | Archer |
| 16:17 | Queue | Fishing Ship |
| 16:20 | Queue | Villager (Male) |
| 16:24 | Queue | Villager (Male) |
| 16:38 | Queue | Archer |
| 16:51 | Research | Bow Saw |
| 16:51 | Research | Bow Saw |
| 17:01 | Build | Town Center |
| 17:16 | Queue | Archer |
| 17:29 | Queue | Villager (Male) |
| 17:41 | Build | Siege Workshop |
| 17:49 | Build | Palisade Wall |
| 17:50 | Build | Palisade Wall |
| 17:55 | Build | Palisade Wall |
| 18:03 | Queue | Archer |
| 18:03 | Queue | Archer |
| 18:08 | Queue | Archer |
| 18:11 | Queue | Villager (Male) |
| 18:11 | Queue | Villager (Male) |
| 18:11 | Queue | Villager (Male) |
| 18:35 | Queue | Archer |
| 18:35 | Queue | Archer |
| 18:37 | Research | Padded Archer Armor |
| 19:00 | Queue | Mangonel |
| 19:04 | Build | House |
| 19:23 | Queue | Archer |
| 19:23 | Queue | Archer |
| 19:25 | Queue | Spearman |
| 19:29 | Build | House |
| 19:44 | Queue | Spearman |
| 19:44 | Queue | Archer |
| 19:54 | Queue | Villager (Male) |
| 20:01 | Queue | Villager (Male) |
| 20:03 | Build | House |
| 20:04 | Build | House |
| 20:05 | Queue | Villager (Male) |
| 20:05 | Queue | Villager (Male) |
| 20:13 | Build | Dock |
| 20:20 | Queue | Archer |
| 20:27 | Research | Scale Mail Armor |
| 20:28 | Queue | Spearman |
| 20:31 | Queue | Archer |
| 20:41 | Queue | Villager (Male) |
| 20:41 | Queue | Villager (Male) |
| 20:42 | Queue | Villager (Male) |
| 20:51 | Queue | Spearman |
| 20:56 | Build | Palisade Wall |
| 21:01 | Queue | Galley |
| 21:02 | Queue | Galley |
| 21:02 | Queue | Galley |
| 21:04 | Queue | Fire Galley |
| 21:05 | Queue | Fire Galley |
| 21:23 | Queue | Mangonel |
| 21:24 | Queue | Archer |
| 21:25 | Queue | Villager (Male) |
| 21:27 | Build | House |
| 21:36 | Queue | Spearman |
| 21:39 | Queue | Villager (Male) |
| 21:39 | Queue | Villager (Male) |
| 21:53 | Build | Lumber Camp |
| 21:59 | Queue | Villager (Male) |
Build order — HR | Nasho9
First 150 of 320 actions detected
| 0:03 | Queue | Villager (Male) |
| 0:03 | Queue | Villager (Male) |
| 0:04 | Build | House |
| 0:05 | Build | House |
| 0:08 | Queue | Villager (Male) |
| 0:08 | Queue | Villager (Male) |
| 1:15 | Queue | Villager (Male) |
| 1:16 | Queue | Villager (Male) |
| 1:35 | Build | Lumber Camp |
| 1:49 | Queue | Villager (Male) |
| 1:50 | Queue | Villager (Male) |
| 2:17 | Queue | Villager (Male) |
| 2:17 | Queue | Villager (Male) |
| 2:44 | Queue | Villager (Male) |
| 2:44 | Queue | Villager (Male) |
| 3:12 | Queue | Villager (Male) |
| 3:38 | Build | House |
| 3:45 | Queue | Villager (Male) |
| 4:20 | Queue | Villager (Male) |
| 4:20 | Queue | Villager (Male) |
| 4:35 | Build | Dock |
| 4:43 | Queue | Villager (Male) |
| 5:06 | Queue | Villager (Male) |
| 5:06 | Queue | Villager (Male) |
| 5:11 | Queue | Fishing Ship |
| 5:33 | Queue | Villager (Male) |
| 5:33 | Queue | Villager (Male) |
| 5:36 | Build | House |
| 5:54 | Queue | Fishing Ship |
| 6:00 | Queue | Villager (Male) |
| 6:00 | Queue | Villager (Male) |
| 6:01 | Queue | Villager (Male) |
| 6:01 | Queue | Villager (Male) |
| 6:04 | Build | House |
| 6:19 | Queue | Villager (Male) |
| 6:19 | Queue | Villager (Male) |
| 6:28 | Queue | Fishing Ship |
| 6:41 | Queue | Villager (Male) |
| 6:41 | Queue | Villager (Male) |
| 6:54 | Research | Loom |
| 6:54 | Queue | Villager (Male) |
| 7:09 | Queue | Villager (Male) |
| 7:10 | Queue | Villager (Male) |
| 7:11 | Queue | Villager (Male) |
| 7:11 | Queue | Villager (Male) |
| 7:11 | Queue | Villager (Male) |
| 7:16 | Queue | Fishing Ship |
| 7:28 | Build | House |
| 7:31 | Build | Palisade Wall |
| 7:38 | Build | House |
| 7:39 | Build | Palisade Wall |
| 7:48 | Queue | Villager (Male) |
| 7:58 | Build | Dock |
| 8:01 | Build | Palisade Wall |
| 8:02 | Build | Palisade Wall |
| 8:04 | Build | Palisade Wall |
| 8:12 | Queue | Villager (Male) |
| 8:20 | Build | Palisade Wall |
| 8:29 | Research | Feudal Age |
| 8:29 | Research | Feudal Age |
| 8:46 | Build | Mining Camp |
| 8:57 | Queue | Fishing Ship |
| 9:01 | Queue | Fishing Ship |
| 9:14 | Build | Palisade Wall |
| 9:29 | Queue | Fishing Ship |
| 9:52 | Build | Barracks |
| 9:59 | Queue | Fishing Ship |
| 10:38 | Queue | Villager (Male) |
| 10:48 | Age | Feudal Age |
| 10:51 | Build | Stable |
| 10:53 | Build | Palisade Wall |
| 10:54 | Build | Palisade Wall |
| 11:10 | Queue | Villager (Male) |
| 11:14 | Queue | Spearman |
| 11:18 | Build | Palisade Wall |
| 11:19 | Build | Palisade Wall |
| 11:37 | Queue | Villager (Male) |
| 11:40 | Build | Mill |
| 11:45 | Queue | Scout Cavalry |
| 11:45 | Queue | Scout Cavalry |
| 11:49 | Queue | Villager (Male) |
| 11:58 | Research | Double-Bit Axe |
| 11:58 | Research | Double-Bit Axe |
| 11:59 | Queue | Villager (Male) |
| 12:09 | Build | House |
| 12:14 | Build | House |
| 12:24 | Research | Wheelbarrow |
| 12:26 | Research | Tech 906 |
| 12:27 | Research | Tech 906 |
| 12:32 | Build | House |
| 12:32 | Build | Palisade Wall |
| 12:33 | Build | House |
| 12:41 | Queue | Scout Cavalry |
| 12:59 | Queue | Villager (Male) |
| 13:02 | Queue | Fishing Ship |
| 13:16 | Queue | Villager (Male) |
| 13:21 | Queue | Fishing Ship |
| 13:25 | Queue | Fishing Ship |
| 13:33 | Queue | Scout Cavalry |
| 13:39 | Queue | Villager (Male) |
| 13:49 | Queue | Villager (Male) |
| 14:01 | Queue | Villager (Male) |
| 14:03 | Build | House |
| 14:09 | Build | Palisade Wall |
| 14:17 | Build | Palisade Gate |
| 14:26 | Queue | Fishing Ship |
| 14:41 | Build | Palisade Wall |
| 14:45 | Build | Blacksmith |
| 14:57 | Queue | Villager (Male) |
| 15:06 | Queue | Fishing Ship |
| 15:15 | Build | Dock |
| 15:21 | Build | House |
| 15:34 | Research | Scale Barding Armor |
| 15:40 | Research | Bloodlines |
| 16:04 | Queue | Villager (Male) |
| 16:08 | Build | Stable |
| 16:11 | Queue | Villager (Male) |
| 16:29 | Research | Castle Age |
| 16:29 | Research | Castle Age |
| 16:45 | Queue | Fishing Ship |
| 16:50 | Queue | Scout Cavalry |
| 16:50 | Queue | Scout Cavalry |
| 16:55 | Queue | Scout Cavalry |
| 16:55 | Queue | Scout Cavalry |
| 17:06 | Queue | Fishing Ship |
| 17:10 | Queue | Fishing Ship |
| 17:10 | Queue | Fishing Ship |
| 17:27 | Queue | Scout Cavalry |
| 17:27 | Queue | Scout Cavalry |
| 17:36 | Research | Forging |
| 17:42 | Queue | Fishing Ship |
| 17:45 | Queue | Fishing Ship |
| 17:47 | Queue | Fishing Ship |
| 17:51 | Build | House |
| 17:53 | Queue | Scout Cavalry |
| 17:54 | Queue | Scout Cavalry |
| 17:54 | Queue | Scout Cavalry |
| 18:06 | Queue | Scout Cavalry |
| 18:25 | Queue | Scout Cavalry |
| 18:29 | Queue | Scout Cavalry |
| 18:29 | Queue | Scout Cavalry |
| 18:34 | Build | Farm |
| 18:35 | Build | Farm |
| 18:37 | Queue | Scout Cavalry |
| 18:37 | Queue | Scout Cavalry |
| 18:45 | Build | Farm |
| 19:09 | Age | Castle Age |
| 19:19 | Research | Light Cavalry (upgrade) |
| 19:31 | Queue | Villager (Male) |
| 19:52 | Queue | Villager (Male) |
Match timeline
| 4:23 | Big Dota · first_building Dock |
| 4:35 | HR | Nasho9 · first_building Dock |
| 7:31 | HR | Nasho9 · wall_segment Palisade Wall x2 |
| 7:39 | HR | Nasho9 · wall_segment Palisade Wall x4 |
| 7:45 | Big Dota · wall_segment Palisade Wall x1 |
| 8:01 | HR | Nasho9 · wall_segment Palisade Wall x1 |
| 8:02 | HR | Nasho9 · wall_segment Palisade Wall x1 |
| 8:04 | HR | Nasho9 · wall_segment Palisade Wall x1 |
| 8:12 | Big Dota · first_building Barracks |
| 8:20 | HR | Nasho9 · wall_segment Palisade Wall x1 |
| 8:59 | Big Dota · wall_segment Palisade Wall x4 |
| 9:14 | HR | Nasho9 · wall_segment Palisade Wall x1 |
| 9:31 | Big Dota · wall_segment Palisade Wall x8 |
| 9:49 | Big Dota · wall_segment Palisade Wall x14 |
| 9:52 | HR | Nasho9 · first_building Barracks |
| 9:56 | Big Dota · wall_segment Palisade Wall x3 |
| 10:15 | Big Dota · age_up feudal |
| 10:18 | Big Dota · first_building Archery Range |
| 10:31 | Big Dota · wall_segment Palisade Wall x4 |
| 10:44 | Big Dota · wall_segment Palisade Wall x1 |
| 10:48 | HR | Nasho9 · age_up feudal |
| 10:51 | HR | Nasho9 · first_building Stable |
| 10:53 | HR | Nasho9 · wall_segment Palisade Wall x1 |
| 10:54 | HR | Nasho9 · wall_segment Palisade Wall x1 |
| 11:18 | HR | Nasho9 · wall_segment Palisade Wall x4 |
| 11:19 | HR | Nasho9 · wall_segment Palisade Wall x1 |
| 12:32 | HR | Nasho9 · wall_segment Palisade Wall x1 |
| 14:09 | HR | Nasho9 · wall_segment Palisade Wall x5 |
| 14:41 | HR | Nasho9 · wall_segment Palisade Wall x5 |
| 14:57 | Big Dota · age_up castle |
| 17:41 | Big Dota · first_building Siege Workshop |
| 17:49 | Big Dota · wall_segment Palisade Wall x1 |
| 17:50 | Big Dota · wall_segment Palisade Wall x1 |
| 17:55 | Big Dota · wall_segment Palisade Wall x1 |
| 19:09 | HR | Nasho9 · age_up castle |
| 20:56 | Big Dota · wall_segment Palisade Wall x1 |
| 23:59 | Big Dota · first_building Monastery |
| 24:16 | HR | Nasho9 · first_building Monastery |
| 27:38 | HR | Nasho9 · first_building Siege Workshop |
| 28:56 | HR | Nasho9 · first_building Castle |
| 31:42 | Big Dota · first_market_buy 100 stone |
| 31:48 | Big Dota · first_building Castle |
| 33:00 | Big Dota · resign |
[ AI ANALYSIS · 1 CREDIT ]
What really happened in this match?
Wolo.gg analyzes every decision: build order, eco, micro, common mistakes by bracket. Personalized analysis on WhatsApp or Discord in 30 seconds.
Civ guide
Ethiopians
Perfil
Big Dota